 Dungeon Crawl Stone Soup version 0.22-a0-580-gd5db89c (webtiles) character file.

60 iamserjio the Slasher (level 4, 3/31 HPs)
             Began as a Halfling Monk on July 3, 2018.
             Quit the game in a sewer.
             The game lasted 00:05:38 (790 turns).

iamserjio the Slasher (Halfling Monk)                Turns: 790, Time: 00:05:39

Health: 3/31       AC:  3    Str:  9 (12) XL:     4   Next: 25%
Magic:  4/4        EV: 15    Int: 13 (14) God:
Gold:   95         SH:  0    Dex: 15 (16) Spells: 2/3 levels left

rFire    + . .     SeeInvis .   a - +0 falchion
rCold    + . .     Gourm    .   (shield restricted)
rNeg     . . .     Faith    .   j - +0 leather armour
rPois    +         Spirit   .   (no helmet)
rElec    +         Reflect  .   (no cloak)
rCorr    +         Harm     .   (no gloves)
MR       .....                  (no boots)
Stlth    ++........             (no amulet)
HPRegen  0.10/turn              (no ring)
MPRegen  0.09/turn              (no ring)

@: brilliant, resistant
A: small, mutation resistance 1
a: no special abilities


You were in a sewer.
You were not hungry.

You visited 1 branch of the dungeon, and saw 4 of its levels.
You also visited: Sewer.

You collected 95 gold pieces.

Inventory:

Hand Weapons
 a - a +0 falchion (weapon)
Missiles
 f - 18 stones (quivered)
Armour
 b - a +0 robe
 j - a +0 leather armour (worn)
 k - a +0 scale mail
Scrolls
 g - a scroll of blinking
 i - a scroll of teleportation
 n - a scroll of noise
 p - a scroll of enchant weapon
Potions
 h - 2 potions of curing {@q1}
 m - a potion of degeneration
Comestibles
 c - 2 rations


   Skills:
 + Level 3.0 Fighting
 * Level 3.8 Long Blades
 + Level 1.4 Armour
 + Level 3.7 Dodging
 - Level 2.1 Stealth


You had 2 spell levels left.
You knew the following spells:

 Your Spells              Type           Power        Failure   Level  Hunger
a - Animate Skeleton      Necr           N/A          4%          1    ##.....

Your spell library contained the following spells:

 Spells                   Type           Power        Failure   Level  Hunger


Dungeon Overview and Level Annotations

Branches:
Dungeon (4/15)
 Temple: D:4-7

Altars:
Kikubaaqudgha
Sif Muna
Vehumet

Annotations:
Sewer Purgy


Innate Abilities, Weirdness & Mutations

You are small and have problems with some larger weapons.
You are somewhat resistant to further mutation.


Message History

Purgy bites you.
Purgy closely misses you. x2; Purgy bites you!
Purgy closely misses you. Purgy claws you.
It was a potion of resistance.
You feel protected. Purgy bites you. Purgy claws you. Purgy barely misses you.
It was a potion of brilliance.
You feel clever all of a sudden.
Purgy misses you. x2; Purgy claws you but does no damage.
You hit Purgy but do no damage.
Purgy is moderately wounded.
Purgy bites you.
* * * LOW HITPOINT WARNING * * *
Purgy claws you.
* * * LOW HITPOINT WARNING * * *
Purgy claws you.
* * * LOW HITPOINT WARNING * * *
You aren't carrying any items that you can evoke.
Unknown command.
Okay, then.
Are you sure you want to abandon this character and quit the game? (Confirm with "yes".)

##≈≈###..#
#..≈# .≈.#
#.≈## #≈.#
#.≈# ≈.#
#..# .#
#..##
#.≈≈#
##..##
#..@#
##.T≈..#
#≈≈≈.≈#
##..≈##
#..≈#
≈#.#. $
.#?( #
#####


You could see Purgy.

Vanquished Creatures
  An adder (D:4)
  An ooze (D:4)
  A dart slug (D:1)
  5 leopard geckos
  5 giant cockroaches
  A goblin (D:2)
  3 hobgoblins (D:2)
  6 jackals
  8 kobolds
  3 bats
34 creatures vanquished.

Notes
Turn   | Place    | Note
-------+----------+-------------------------------------------
     0 | D:1      | iamserjio the Halfling Monk began the quest for the Orb.
     0 | D:1      | Reached XP level 1. HP: 15/15 MP: 1/1
    56 | D:1      | Reached XP level 2. HP: 17/20 MP: 2/2
   148 | D:2      | Found a deep blue altar of Sif Muna.
   148 | D:2      | Found an ancient bone altar of Kikubaaqudgha.
   152 | D:2      | Found a radiant altar of Vehumet.
   154 | D:2      | Identified Kikubaaqudgha's Almanac of Sinister Magic
   158 | D:2      | Learned a level 1 spell: Animate Skeleton
   503 | D:2      | Reached skill level 1 in Armour
   503 | D:2      | Reached XP level 3. HP: 15/25 MP: 3/3
   712 | D:4      | Found a glowing drain.
   715 | D:4      | Reached XP level 4. HP: 20/31 MP: 4/4
   739 | Sewer    | Entered a sewer
   778 | Sewer    | Noticed Purgy
   790 | Sewer    | Quit the game

Vault maps used:
D:1:      dpeg_arrival_boxorama, serial_forest, infiniplex_forest_lined_room_2,
          infiniplex_forest_lined_corner, infiniplex_forest_lined_room_2,
          infiniplex_forest_straight_2, infiniplex_forest_end_double,
          infiniplex_forest_end_2, infiniplex_forest_clump_small
D:2:      lemuel_upstairs_altar, grunt_temple_overflow_magic_moments
D:3:      lemuel_zombie_altar_yredelemnul, serial_bayou, serial_bayou_pond_d,
          serial_bayou_lagoon_b, serial_bayou_lagoon_a, serial_bayou_shore_a,
          chequers_ecumenical_altar_lobes, first_ration
D:4:      minmay_temple_entry_fiery, serial_glass, glass_columns_a,
          glass_columns_a, gup_sewer_entry_pipe, uniq_crazy_yiuf_cottage
Sewer:    sewer_the_crocodile

Skill      XL: |  1  2  3 |
---------------+----------+-----
Armour         | 1 |  1.4
Fighting       | 3 |  3.0
Long Blades    | |  3.8
Dodging        | |  3.7
Stealth        | |  2.1

Action                   |  1- 3 |  4- 6 || total
-------------------------+-------+-------++-------
Melee: Falchion          |    75 |    25 ||   100
  Use: Scroll            |     5 |       ||     5
       Potion            |       |     4 ||     4
 Stab: Sleeping          |     2 |       ||     2
Armor: Robe              |     5 |       ||     5
       Leather armour    |     9 |     3 ||    12
Dodge: Dodged            |   100 |    42 ||   142
       Rpst.: Falchion   |    29 |     8 ||    37

Table legend:
 A = Spawn XP
 B = Non-spawn XP
 C = Spawn XP percentage of total XP
 D = Spawn monster count
 E = Non-spawn monster count
 F = Spawn count percentage of total count
 G = Total turns spent on level
                    A         B        C        D         E        F      G
               +---------+---------+-------+---------+---------+-------+---------
         Total |       0 |      87 |   0.0 |       0 |      34 |   0.0 |   790
               +---------+---------+-------+---------+---------+-------+---------
           D:1 |       0 |      15 |   0.0 |       0 |       7 |   0.0 |   126
           D:2 |       0 |      15 |   0.0 |       0 |       8 |   0.0 |   453
           D:3 |       0 |      11 |   0.0 |       0 |       5 |   0.0 |    50
           D:4 |       0 |      37 |   0.0 |       0 |       9 |   0.0 |   110
         Sewer |       0 |       9 |   0.0 |       0 |       5 |   0.0 |    51
               +---------+---------+-------+---------+---------+-------+---------
